 Dungeon Crawl Stone Soup version 0.30-a0-986-g7f2e898f52 (webtiles) character file.

Game seed: 5261168757415294481

2 DeathPants the Covered (level 1, 0/11 HPs)
             Began as a Vine Stalker Wanderer on Apr 1, 2023.
             Slain by a kobold
             ... wielding a +0 short sword
              (1 damage)
             ... on level 2 of the Dungeon.
             The game lasted 00:01:16 (30 turns).

DeathPants the Covered (Vine Stalker Wanderer)        Turns: 30, Time: 00:01:17

Health: 0/11       AC:  8    Str: 12    XL:     1   Next: 30%
Magic:  0/3        EV:  8    Int: 11    God:
Gold:   0          SH:  0    Dex: 16    Spells: 2/2 levels left

rFire   . . .      SeeInvis .    a - +0 sling
rCold   . . .      Faith    .    (no shield)
rNeg    . . .      Spirit   +    b - +2 scale mail
rPois   .          Reflect  .    (no helmet)
rElec   .          Rampage  .    (no cloak)
rCorr   .                        (no gloves)
Will    .....                    (no boots) Stlth
                                 (no amulet)
HPRegen 0.21/turn                (no ring)
MPRegen 0.08/turn                (no ring)

@: no status effects
A: fangs 2, magic shield, antimagic bite, no potion heal 2
a: no special abilities


You were on level 2 of the Dungeon.
You visited 1 branch of the dungeon, and saw 2 of its levels.

Inventory:

Hand Weapons
 a - a +0 sling (weapon)
Armour
 b - a +2 scale mail (worn)
Scrolls
 d - a scroll of fog


   Skills:
 + Level 1.8 Fighting
 - Level 1.7 Ranged Weapons
 - Level 2.4 Armour
 + Level 0.1 Dodging
 + Level 1.1 Spellcasting
 - Level 1.7 Evocations


You had 2 spell levels left.
You didn't know any spells.
Your spell library was empty.

Dungeon Overview and Level Annotations

Branches:
Dungeon (2/15)

Altars:


Innate Abilities, Weirdness & Mutations

You have extremely sharp teeth.
When hurt, damage is shared between your health and your magic reserves.
Your bite disrupts and absorbs the magic of your enemies.
Potions cannot restore your health.


Message History

The goblin hits you but does no damage.
The kobold hits you with a +0 short sword.
You shoot a sling bullet.
The sling bullet closely misses the goblin.
The sling bullet closely misses the bat.
The bat hits you but does no damage. x3; The goblin barely misses you.
The bat hits you. The kobold barely misses you.
The goblin hits you with a +0 club.
You shoot a sling bullet.
The sling bullet completely misses the goblin.
The bat barely misses you. The bat hits you but does no damage. x2
The kobold barely misses you. The bat hits you but does no damage.
The goblin closely misses you.
The kobold hits you with a +0 short sword.
* * * LOW HITPOINT WARNING * * *
You shoot a sling bullet.
The sling bullet closely misses the bat.
The bat hits you but does no damage. x4
The goblin hits you but does no damage. The kobold hits you but does no damage.
The goblin hits you with a +0 club.
* * * LOW HITPOINT WARNING * * *
You shoot a sling bullet. The sling bullet hits the goblin.
You kill the goblin!
The bat barely misses you. The bat hits you but does no damage.
The kobold hits you but does no damage. The bat hits you but does no damage.
The kobold hits you but does no damage.
You shoot a sling bullet.
The sling bullet closely misses the kobold.
The bat closely misses you. The bat hits you but does no damage. x2
The bat closely misses you. The bat barely misses you.
The bat hits you but does no damage. The kobold hits you but does no damage.
The bat hits you.
* * * LOW HITPOINT WARNING * * *
The kobold hits you but does no damage.
You shoot a sling bullet.
The sling bullet barely misses the kobold.
The bat closely misses you. The bat completely misses you.
The bat closely misses you. The bat hits you but does no damage.
The kobold hits you with a +0 short sword.
You die...

#.......
#......
.?....
.... ...
#.###
#bK.####
#@b....#
#).###.#
....#
#.##..#
# #...
#.###
#.. #.#


You could see 2 bats and a kobold.

Vanquished Creatures
  A goblin (D:2)
  A frilled lizard (D:2)
2 creatures vanquished.

Notes
Turn   | Place    | Note
-------+----------+-------------------------------------------
     0 | D:1      | DeathPants the Vine Stalker Wanderer began the quest for
                  | the Orb.
     0 | D:1      | DeathPants set off with the following items: a +0 sling, a
                  | +2 scale mail, a wand of polymorph (6), a scroll of fog.
     0 | D:1      | Reached XP level 1. HP: 11/11 MP: 3/3
    30 | D:2      | Slain by a kobold

Illustrated notes

Levels and vault maps discovered:
D:1:      lightli_molten_gateway, layout_basic, chequers_garden
D:2:      layout_loops_cross, basic_altar, uniq_robin

Action                     || total
---------------------------++-------
   Fire: Sling             ||     8
  Evoke: Wand              ||     6
 Armour: Scale mail        ||    39
  Dodge: Dodged            ||    28

Table legend: (Time is in decaauts)
 A = Elapsed time spent in this place.
 B = Non-inter-level travel time spent in this place.
 C = Inter-level travel time spent in this place.
 D = Time resting spent in this place.
 E = Time spent auto-exploring this place.
 F = Levels seen in this place.
 G = Mean time per level.
                   A        B        C        D        E       F      G
               +--------+--------+--------+--------+--------+-----+--------+
         Total |     33 |     33 |      0 |      0 |      8 |   2 |   16.5 |
       Dungeon |     33 |     33 |      0 |      0 |      8 |   2 |   16.5 |
               +--------+--------+--------+--------+--------+-----+--------+

Top non-repeatable levels by time:
     D:2: 19 daAuts
     D:1: 14 daAuts
